 Dungeon Crawl Stone Soup version 0.28-a0-802-g09f76e8c00 (webtiles) character file.

Game seed: 7718239026875100198

25 flotson the Sneak (level 2, 0/24 HPs)
             Began as a Demonspawn Delver on Nov 7, 2021.
             Succumbed to an adder's poison
             ... on level 5 of the Dungeon.
             The game lasted 00:00:52 (290 turns).

flotson the Sneak (Demonspawn Delver)                Turns: 290, Time: 00:00:53

Health: 0/24       AC:  3    Str: 12    XL:     2   Next: 82%
Magic:  2/2        EV: 12    Int: 11    God:
Gold:   12         SH:  0    Dex: 14    Spells: 1/1 levels left

rFire   . . .      SeeInvis .   a - +0 hand axe
rCold   . . .      Faith    .   (no shield)
rNeg    . . .      Spirit   .   b - +0 leather armour
rPois   .          Reflect  .   (no helmet)
rElec   .          Harm     .   (no cloak)
rCorr   .          Rampage  .   (no gloves)
Will    .....                   (no boots)
Stlth   ++........              (no amulet)
HPRegen 0.08/turn               (no ring)
MPRegen 0.08/turn               (no ring)

@: lethally poisoned (0 -> -12)
A: claws 1
a: no special abilities


You were on level 5 of the Dungeon.
You visited 1 branch of the dungeon, and saw 1 of its levels.

You collected 12 gold pieces.

Inventory:

Hand Weapons
 a - a +0 hand axe (weapon)
Missiles
 h - 20 stones (quivered)
Armour
 b - a +0 leather armour (worn)
Wands
 g - a wand of digging (3)
Scrolls
 c - a scroll of fog
 d - a scroll of magic mapping
 j - a scroll of noise {unknown}
Potions
 i - a potion of curing {unknown}


   Skills:
 + Level 3.3 Fighting
 - Level 1.7 Axes
 + Level 1.1 Armour
 + Level 2.3 Dodging
 - Level 4.5 Stealth


You had one spell level left.
You didn't know any spells.
Your spell library was empty.

Dungeon Overview and Level Annotations

Branches:
Dungeon (5/15)
 Temple: D:4-7

Altars:


Innate Abilities, Weirdness & Mutations

You have sharp fingernails.


Message History

You destroy the scorpion zombie!
Your Armour skill increases to level 1!
Your Dodging skill increases to level 2!
You have reached level 2!
Your demonic ancestry asserts itself...
Your fingernails lengthen.
You now have 12 gold pieces.
An adder comes into view.
Found 16 bolts.
You see here 16 stones.
As you read the scroll of fear, it crumbles to dust.
You assume a fearsome visage.
The adder looks frightened!
Your extra speed is starting to run out.
You start resting.
You feel yourself slow down.
You start resting.
An adder is nearby!
The adder hisses angrily.
You miss the adder. The adder closely misses you. The adder bites you.
You hit the adder.
The adder is moderately wounded.
The adder closely misses you. The adder bites you but does no damage.
You hit the adder.
The adder is severely wounded.
The adder bites you.
* * * LOW HITPOINT WARNING * * *
You are lethally poisoned!
The adder poisons you!
You miss the adder.
The adder is heavily wounded.
* * * LOW HITPOINT WARNING * * *
You feel sick. The adder barely misses you. The adder bites you.
* * * LOW HITPOINT WARNING * * *
You are more poisoned.
The adder poisons you!
Unknown command.
Unknown command.
You barely miss the adder.
The adder is heavily wounded.
You die...

(#.............
#####..##........
.............###.
............##
.....#.##### . .... #.#
##.. ... #.## ###.. ..
#..#####....# ...
##@S..#..##.. ....
####...# #.# ...b.
###...# #.# ###
......#...#.###.#####..
.h..(...##............#
...........#....#######
.......................
.....$.####....########
....... ...##..#


You could see an adder.

Vanquished Creatures
  A scorpion zombie (D:5)
1 creature vanquished.

Notes
Turn   | Place    | Note
-------+----------+-------------------------------------------
     0 | D:5      | flotson the Demonspawn Delver began the quest for the Orb.
     0 | D:5      | Reached XP level 1. HP: 18/18 MP: 1/1
    18 | D:5      | Noticed an orc priest
   160 | D:5      | Noticed a hound
   206 | D:5      | Reached skill level 1 in Armour
   206 | D:5      | Gained mutation: You have sharp fingernails. [demonic
                  | ancestry]
   206 | D:5      | Reached XP level 2. HP: 3/24 MP: 2/2
   290 | D:5      | Succumbed to an adder's poison

Illustrated notes

Levels and vault maps discovered:
D:5:      layout_rooms, mainiacjoe_overflow_six_doors_small,
          minmay_temple_entry_butterflies

Skill      XL: |  1 |
---------------+----+-----
Armour         | 1 |  1.1
Dodging        | 2 |  2.3
Fighting       | |  3.3
Axes           | |  1.7
Stealth        | |  4.5

Action                   || total
-------------------------++-------
Melee: Hand axe          ||    34
  Use: Potion            ||     1
       Scroll            ||     1
Armor: Leather armour    ||     3
Dodge: Dodged            ||    18

Table legend: (Time is in decaauts)
 A = Elapsed time spent in this place.
 B = Non-inter-level travel time spent in this place.
 C = Inter-level travel time spent in this place.
 D = Time resting spent in this place.
 E = Time spent auto-exploring this place.
 F = Levels seen in this place.
 G = Mean time per level.
                   A        B        C        D        E       F      G
               +--------+--------+--------+--------+--------+-----+--------+
         Total |    278 |    278 |      0 |    158 |     12 |   1 |  278.0 |
       Dungeon |    278 |    278 |      0 |    158 |     12 |   1 |  278.0 |
               +--------+--------+--------+--------+--------+-----+--------+

Top non-repeatable levels by time:
     D:5: 278 daAuts
